 Dungeon Crawl Stone Soup version 0.22-a0-858-g985ef60 (webtiles) character file.

486 Johnny the Digger (level 7, 0/51 HPs)
             Began as a Human Earth Elementalist on July 27, 2018.
             Slain by an orc
             ... wielding a +0 morningstar
              (9 damage)
             ... on level 4 of the Dungeon.
             The game lasted 00:04:12 (3090 turns).

Johnny the Digger (Human Earth Elementalist)        Turns: 3090, Time: 00:04:13

Health: 0/51       AC:  2    Str:  8    XL:     7   Next: 35%
Magic:  8/12       EV: 13    Int: 17    God:
Gold:   249        SH:  0    Dex: 14    Spells: 7/13 levels left

rFire    . . .     SeeInvis .   l - +3 scythe (slice)
rCold    . . .     Gourm    .   (shield currently unavailable)
rNeg     . . .     Faith    .   c - +0 robe
rPois    .         Spirit   .   (no helmet)
rElec    .         Reflect  .   (no cloak)
rCorr    .         Harm     .   (no gloves)
MR       .....                  (no boots)
Stlth    ++........             g - amulet of regeneration
HPRegen  0.57/turn              (no ring)
MPRegen  0.13/turn              (no ring)

@: slowed, very slow
A: no striking features
a: no special abilities


You were on level 4 of the Dungeon.
You were not hungry.

You visited 1 branch of the dungeon, and saw 5 of its levels.

You collected 249 gold pieces.

Inventory:

Hand Weapons
 e - a +1 dagger of pain
 l - a +3 scythe of slicing (weapon)
Missiles
 b - 122 stones (quivered)
Armour
 c - a +0 robe (worn)
Jewellery
 g - an amulet of regeneration (around neck)
Scrolls
 h - 3 scrolls of identify {unknown}
 k - 2 scrolls of remove curse {unknown}
 n - a scroll of enchant armour {unknown}
 q - a scroll of magic mapping {unknown}
Potions
 f - a potion of brilliance {unknown}
 i - 2 potions of lignification {unknown}
 j - a potion of mutation {unknown}
 m - 2 potions of might {unknown}
 o - a potion of agility {unknown}
Comestibles
 d - 8 rations


   Skills:
 + Level 2.4 Fighting
 + Level 2.4 Armour
 + Level 3.3 Dodging
 - Level 2.0 Stealth
 * Level 3.9 Spellcasting
   Level 1.0 Transmutations
 * Level 4.8 Earth Magic


You had 7 spell levels left.
You knew the following spells:

 Your Spells              Type           Power        Failure   Level  Hunger
a - Sandblast             Erth           ###...       2%          1    None
b - Stone Arrow           Conj/Erth      ##....       17%         3    ###....
c - Blink                 Tloc           N/A          24%         2    ##.....

Your spell library contained the following spells:

 Spells                   Type           Power        Failure   Level  Hunger
 Magic Dart               Conj           #...         16%         1    None
 Conjure Flame            Conj/Fire      #.......     43%         3    ###....
 Slow                     Hex            #.......     24%         2    ##.....
 Mephitic Cloud           Conj/Pois/Air  #.......     43%         3    ###....
 Call Imp                 Summ           #.......     24%         2    ##.....
 Passwall                 Tmut/Erth      ##......     7%          2    ##.....
 Lee's Rapid Deconstruct  Erth           ###.......   52%         5    ######.
 Petrify                  Tmut/Erth      ##......     43%         4    ####...


Dungeon Overview and Level Annotations

Branches:
Dungeon (5/15)
 Temple: D:4-7

Altars:
Ru
Uskayaw
Yredelemnul


Message History

* * * LOW HITPOINT WARNING * * *
Casting: Sandblast (safe; 2% risk of failure)
Confirm with . or Enter, or press ? or * to list all spells.
Aiming: Sandblast (safe; 2% risk of failure)
Press: ? - help, Shift-Dir - straight line, f/p - orc wizard
Aim: an orc wizard, wielding a dagger and wearing a robe (severely wounded)
The blast of sand hits the orc wizard.
You kill the orc wizard!
b - 122 stones The crimson imp hits you.
* * * LOW HITPOINT WARNING * * *
The orc barely misses you. The orc closely misses you.
The crimson imp hits you.
* * * LOW HITPOINT WARNING * * *
You feel better. The orc hits you with a hand axe.
* * * LOW HITPOINT WARNING * * *
The crimson imp hits you.
* * * LOW HITPOINT WARNING * * *
The orc hits you with a morningstar!
You die...

#..'._⌠# #############
#####..'._⌠# #............
#.<...##P### #........##..
#....#####.# #.....#####.# #
#..........# #.....# #.#
########..........###.....#####..
.......#.........................
...###.#.......)oo...####......#.
........<......5@.#### ##......#.
##...##........#### #.........
##.............#### #.........
##...##...........# #.........
##.............##.### ###......#.
.#.##.#.............###........##
...##..##.#.##...#.............#
#..###....#.###................#
...#....................#......##


You could see a crimson imp and 2 orcs.

Vanquished Creatures
  Sigmund (D:3)
  A bullfrog (D:2)
  A hound (D:4)
  An orc wizard (D:4)
  3 worker ants (D:4)
  7 adders
  An ooze (D:2)
  An adder skeleton (D:4)
  A worm (D:3)
  2 dart slugs
  A leopard gecko (D:2)
  An orc (D:4)
  5 bats
  4 giant cockroaches
  3 goblins
  6 hobgoblins
  7 jackals
  2 quokkas
  A ball python (D:4)
  A frilled lizard (D:2)
  6 kobolds
  A leopard gecko skeleton (D:4)
  9 rats
66 creatures vanquished.

Notes
Turn   | Place    | Note
-------+----------+-------------------------------------------
     0 | D:1      | Johnny the Human Earth Elementalist began the quest for the Orb.
     0 | D:1      | Reached XP level 1. HP: 13/13 MP: 3/3
   370 | D:1      | Reached XP level 2. HP: 20/20 MP: 3/5
  1004 | D:2      | Reached XP level 3. HP: 11/25 MP: 0/6
  1140 | D:2      | Reached skill level 1 in Fighting
  1152 | D:2      | Reached XP level 4. HP: 25/32 MP: 0/7
  1221 | D:2      | Reached skill level 1 in Armour
  1569 | D:2      | Noticed a bullfrog
  1581 | D:2      | Killed a bullfrog
  1581 | D:2      | Reached skill level 4 in Earth Magic
  1581 | D:2      | Reached XP level 5. HP: 23/37 MP: 3/9
  2237 | D:3      | Found a sacrificial altar of Ru.
  2382 | D:3      | Noticed Sigmund
  2388 | D:3      | Learned a level 3 spell: Stone Arrow
  2391 | D:3      | Learned a level 2 spell: Blink
  2399 | D:3      | Killed Sigmund
  2399 | D:3      | Reached XP level 6. HP: 36/44 MP: 1/11
  2654 | D:4      | Reached XP level 7. HP: 24/50 MP: 9/12
  2907 | D:4      | Found a hide-covered altar of Uskayaw.
  2907 | D:4      | Found a basalt altar of Yredelemnul.
  3082 | D:5      | Entered Level 5 of the Dungeon
  3090 | D:4      | Slain by an orc

Vault maps used:
D:1:      dpeg_arrival_simpleton_b, dk_noncrumbling_3
D:2:      first_ration
D:3:      nicolae_overflow_hidden_temple, uniq_sigmund
D:4:      gammafunk_temple_overflow_wave, minmay_three_crescents
D:5:      lemuel_crystal_altar, serial_aquarium, aquarium_bridge_square,
          aquarium_bridge_island_small, aquarium_window_2, aquarium_window_fake,
          aquarium_window_corridor_3, aquarium_window_corner, aquarium_view_2e,
          aquarium_balcony_1a, aquarium_pool_corner, nicolae_zen_rock_garden,
          uniq_ijyb

Skill      XL: |  1  2  3  4  5 |
---------------+----------------+-----
Fighting       | 1 2 |  2.4
Armour         | 1 2 |  2.4
Spellcasting   | 3 |  3.9
Earth Magic    | 4 |  4.8
Dodging        | 3 |  3.3
Stealth        | |  2.0
Transmutations | |  1.0

Action                   |  1- 3 |  4- 6 |  7- 9 || total
-------------------------+-------+-------+-------++-------
Melee: Unarmed           |     8 |       |       ||     8
       Dagger            |    20 |    74 |       ||    94
       Scythe            |       |     8 |    10 ||    18
 Cast: Sandblast         |    30 |    39 |    20 ||    89
  Use: Potion            |       |     1 |     2 ||     3
 Stab: Sleeping          |     1 |     4 |       ||     5
  Eat: Chunk             |     1 |     4 |     2 ||     7
Armor: Robe              |    11 |    19 |     2 ||    32
Dodge: Dodged            |    25 |    76 |    23 ||   124

Table legend:
 A = Spawn XP
 B = Non-spawn XP
 C = Spawn XP percentage of total XP
 D = Spawn monster count
 E = Non-spawn monster count
 F = Spawn count percentage of total count
 G = Total turns spent on level
                    A         B        C        D         E        F      G
               +---------+---------+-------+---------+---------+-------+---------
         Total |       0 |     695 |   0.0 |       0 |      66 |   0.0 |  3090
               +---------+---------+-------+---------+---------+-------+---------
           D:1 |       0 |      19 |   0.0 |       0 |      10 |   0.0 |   928
           D:2 |       0 |     185 |   0.0 |       0 |      29 |   0.0 |   962
           D:3 |       0 |     250 |   0.0 |       0 |      13 |   0.0 |   697
           D:4 |       0 |     241 |   0.0 |       0 |      14 |   0.0 |   500
               +---------+---------+-------+---------+---------+-------+---------
